 Dungeon Crawl Stone Soup version 0.23-a0-344-ge122d05 (webtiles) character file.

79 galech the Skirmisher (level 4, 23/35 HPs)
             Began as a Demonspawn Fighter on Oct 19, 2018.
             Quit the game on level 2 of the Dungeon.
             The game lasted 00:01:37 (1472 turns).

galech the Skirmisher (Demonspawn Fighter)          Turns: 1472, Time: 00:01:38

Health: 23/35      AC:  7    Str: 16    XL:     4   Next: 17%
Magic:  4/4        EV:  9    Int:  9    God:
Gold:   75         SH:  9    Dex: 17    Spells: 3/3 levels left

rFire    . . .     SeeInvis .   a - +0 war axe
rCold    . . .     Gourm    .   c - +0 shield
rNeg     . . .     Faith    .   b - +0 scale mail
rPois    .         Spirit   .   (no helmet)
rElec    .         Reflect  .   (no cloak)
rCorr    .         Harm     .   k - +0 pair of gloves
MR       .....                  (no boots)
Stlth    +.........             (no amulet)
HPRegen  0.11/turn              h - +3 ring of dexterity
MPRegen  0.09/turn              (no ring)

@: no status effects
A: repulsion field 1, demonic guardian 1, nightstalker 1
a: no special abilities


You were on level 2 of the Dungeon.
You were not hungry.

You visited 1 branch of the dungeon, and saw 2 of its levels.

You collected 75 gold pieces.

Inventory:

Hand Weapons
 a - a +0 war axe (weapon)
Armour
 b - a +0 scale mail (worn)
 c - a +0 shield (worn)
 k - a +0 pair of gloves (worn)
Jewellery
 h - a +3 ring of dexterity (left hand)
Scrolls
 e - 5 scrolls of identify {unknown}
 l - 2 scrolls of immolation {unknown}
 n - a scroll of remove curse {unknown}
 p - a scroll of amnesia {unknown}
Potions
 d - 2 potions of might
 i - a potion of heal wounds {unknown}
 j - a potion of agility {unknown}
 m - 4 potions of curing {unknown}
 o - a potion of cancellation {unknown}
Comestibles
 f - 2 rations
 g - 4 chunks of flesh


   Skills:
 + Level 3.5 Fighting
 + Level 2.9 Axes
 + Level 3.0 Armour
 + Level 0.3 Dodging
 + Level 3.0 Shields


You had 3 spell levels left.
You didn't know any spells.
Your spell library was empty.

Dungeon Overview and Level Annotations

Branches:
Dungeon (2/15)

Altars:


Innate Abilities, Weirdness & Mutations

You are surrounded by a mild repulsion field. (EV +2)
A weak demonic guardian rushes to your aid.
You are slightly more attuned to the shadows.


Message History

You barely miss Jessica.
Jessica is almost dead.
Jessica hits you but does no damage. You block Jessica's attack.
You closely miss Jessica.
Jessica is almost dead.
Jessica hits you with a +0 dagger. Jessica misses you.
You slash Jessica!
You kill Jessica!
You have reached level 4!
You feel agile.
Your demonic ancestry asserts itself...
You slip into the darkness of the dungeon.
Your iron imp disappears in a puff of smoke!
m - 4 cyan potions (gained 3)
Things that are here:
a +0 dagger; a +0 robe; the human corpse of Jessica You butcher the human corpse of Jessica.
g - 4 chunks of flesh (gained 2)
Things that are here:
a +0 dagger; a +0 robe; the human skeleton of Jessica Are you sure you want to abandon this character and quit the game? (Confirm

#.# #.# ##. #.# #.# #.
# #.# #.# #. #.#.# #.#
#. #.#.####.# #.
#.....##.# #.
###.#†##.######.
##########.#...........
......@.........#######
##########.###### #.#
#.# #.# #.# ..# ###


There were no monsters in sight!

Vanquished Creatures
  Jessica (D:2)
  A worm (D:2)
  2 dart slugs (D:1)
  2 leopard geckos (D:1)
  A ball python (D:1)
  6 bats
  3 giant cockroaches (D:1)
  4 goblins (D:1)
  7 hobgoblins
  A quokka (D:2)
  A frilled lizard (D:1)
  8 kobolds
  3 rats (D:2)
40 creatures vanquished.

Notes
Turn   | Place    | Note
-------+----------+-------------------------------------------
     0 | D:1      | galech the Demonspawn Fighter began the quest for the Orb.
     0 | D:1      | Reached XP level 1. HP: 18/18 MP: 1/1
   135 | D:1      | Gained mutation: You are surrounded by a mild repulsion
                  | field. (EV +2) [demonic ancestry]
   135 | D:1      | Reached XP level 2. HP: 19/24 MP: 2/2
   580 | D:1      | Gained mutation: A weak demonic guardian rushes to your
                  | aid. [demonic ancestry]
   580 | D:1      | Reached XP level 3. HP: 25/29 MP: 3/3
  1457 | D:2      | Noticed Jessica
  1467 | D:2      | Killed Jessica
  1467 | D:2      | Gained mutation: You are slightly more attuned to the
                  | shadows. [demonic ancestry]
  1467 | D:2      | Reached XP level 4. HP: 22/35 MP: 4/4
  1472 | D:2      | Quit the game

Vault maps used:
D:1:      dpeg_arrival_connections, minmay_distorted
D:2:      xom_teletrap_fun, grunt_decor_resistance, uniq_jessica

Skill      XL: |  1  2  3 |
---------------+----------+-----
Axes           | 2 |  2.9
Armour         | 3 |  3.0
Shields        | 3 |  3.0
Fighting       | |  3.5
Dodging        | |  0.3

Action                   |  1- 3 |  4- 6 || total
-------------------------+-------+-------++-------
Melee: War axe           |   117 |       ||   117
  Eat: Chunk             |     2 |       ||     2
Armor: Scale mail        |    55 |       ||    55
Dodge: Dodged            |    42 |       ||    42
Block: Shield            |    56 |       ||    56

Table legend:
 A = Non-vault XP
 B = Vault XP
 C = Vault XP percentage of total XP
 D = Non-vault monster count
 E = Vault monster count
 F = Vault count percentage of total count
                 A         B        C        D         E       F
            +---------+---------+-------+---------+---------+-------
      Total |      75 |      39 |  34.2 |      38 |       2 |   5.0
            +---------+---------+-------+---------+---------+-------
        D:1 |      57 |       2 |   3.4 |      28 |       1 |   3.4
        D:2 |      18 |      37 |  67.3 |      10 |       1 |   9.1
            +---------+---------+-------+---------+---------+-------
